 Dungeon Crawl Stone Soup version 0.21.1-1-g345015f (webtiles) character file.

88 n0claF the Shooter (level 4, -14/37 HPs)
             Began as a Centaur Hunter on June 22, 2018.
             Demolished by sking99's ghost (18 damage)
             ... on level 3 of the Dungeon.
             The game lasted 00:05:38 (1740 turns).

n0claF the Shooter (Centaur Hunter)                 Turns: 1740, Time: 00:05:39

Health: -14/37     AC:  8    Str: 15    XL:     4   Next: 30%
Magic:  4/4        EV:  7    Int: 10    God:
Gold:   102        SH:  0    Dex: 10    Spells: 3/3 levels left

rFire    . . .     SeeInvis .   a - +1 shortbow
rCold    + . .     Gourm    .   (shield currently unavailable)
rNeg     . . .     Faith    .   h - +2 scale mail {rC+}
rPois    .         Spirit   .   (no helmet)
rElec    .         Reflect  .   (no cloak)
rCorr    .         Harm     .   (no gloves)
MR       .....                  (no barding)
Stlth    ..........             (no amulet)
HPRegen  0.12/turn              (no ring)
MPRegen  0.09/turn              (no ring)

@: very quick
A: large, hooves 3, deformed body, speed 2, tough skin 3
a: no special abilities


You were on level 3 of the Dungeon.
You were not hungry.

You visited 1 branch of the dungeon, and saw 3 of its levels.

You collected 102 gold pieces.

Inventory:

Hand Weapons
 a - a +1 shortbow (weapon)
 b - a +0 hunting sling of flaming
   (You found it on level 1 of the Dungeon)
Missiles
 d - 19 arrows (quivered)
 k - 42 stones
Armour
 h - a +2 scale mail of cold resistance (worn)
   (You found it on level 1 of the Dungeon)
Jewellery
 m - an uncursed ring of protection from magic {unknown}
   (You found it on level 1 of the Dungeon)
 r - an uncursed ring of flight {unknown}
   (You found it on level 2 of the Dungeon)
Scrolls
 f - a scroll of random uselessness {unknown}
 g - a scroll of enchant weapon {unknown}
 j - a scroll of teleportation {unknown}
 l - a scroll of identify {unknown}
 p - 2 scrolls of remove curse {unknown}
 s - a scroll of magic mapping {unknown}
Potions
 c - a potion of degeneration {unknown}
 i - a potion of might {unknown}
 n - 2 potions of curing {unknown}
 q - a potion of flight {unknown}
Comestibles
 e - 5 rations {!d}
 o - 10 chunks of flesh


   Skills:
 + Level 2.7 Fighting
 * Level 6.4 Bows
 + Level 1.9 Dodging
 + Level 1.2 Stealth


You had 3 spell levels left.
You didn't know any spells.

Dungeon Overview and Level Annotations

Branches:
Dungeon (3/15)

Altars:

Annotations:
D:3 sking99's ghost, amateur NaFi


Innate Abilities, Weirdness & Mutations

You have hooves in place of feet.
Armour fits poorly on your strangely shaped body.
You cover ground very quickly.
You have extremely tough skin. (AC +3)


Message History

Done exploring.
Search for what [Enter for "."]? .
There is an open door here.
There is a stone staircase leading down here.
You climb downwards.
You found a teleport trap!
Found four items.
There is a stone staircase leading up here.
e - 5 rations {!d} (gained 1)
An orc comes into view.
The orc shouts!
You see here 10 gold pieces.
An orc is nearby!
Aim: an orc You shoot a stone.
The stone hits the orc.
The stone burns the orc.
Aim: an orc (heavily wounded)
You shoot a stone. The stone barely misses the orc.
The orc hits you but does no damage.
Sking99's ghost (amateur Naga Fighter) comes into view.
It is wielding a weapon of electrocution.
Aim: an orc (heavily wounded)
You shoot a stone. The stone hits the orc.
The stone burns the orc.
You kill the orc!
Your +0 hunting sling of flaming stops flaming.
a - a +1 shortbow (weapon)
Aim: sking99's ghost, wielding a weapon of electrocution You shoot an arrow.
The arrow hits sking99's ghost!
Aim: sking99's ghost, wielding a weapon of electrocution (moderately damaged)
You shoot an arrow. The arrow hits sking99's ghost.
Aim: sking99's ghost, wielding a weapon of electrocution (moderately damaged)
You shoot an arrow.
The arrow hits sking99's ghost but does no damage.
Aim: sking99's ghost, wielding a weapon of electrocution (moderately damaged)
You shoot an arrow. The arrow hits sking99's ghost.
Aim: sking99's ghost, wielding a weapon of electrocution (moderately damaged)
You shoot an arrow. The arrow hits sking99's ghost.
Sking99's ghost hits you.
Aim: sking99's ghost, wielding a weapon of electrocution (heavily damaged)
You shoot an arrow. The arrow hits sking99's ghost.
Sking99's ghost wails.
Sking99's ghost hits you.
You are electrocuted!
* * * LOW HITPOINT WARNING * * *
There is a stone staircase leading up here.
Aim: sking99's ghost, wielding a weapon of electrocution (heavily damaged)
You shoot an arrow. The arrow hits sking99's ghost.
Sking99's ghost hits you but does no damage.
You are electrocuted!
* * * LOW HITPOINT WARNING * * *
Sking99's ghost hits you.
* * * LOW HITPOINT WARNING * * *
You are electrocuted!
You die...

. .##
#..
#?###
#...
#..#
#.^#
#.@#
#.W#
#.(#
#).#
#.(#
#.(#
#...
....(
###.###


You could see sking99's ghost.

Vanquished Creatures
  5 adders (D:2)
  A worm (D:2)
  A dart slug (D:2)
  A leopard gecko (D:2)
  An orc (D:3)
  2 giant cockroaches
  6 goblins
  3 hobgoblins (D:2)
  3 jackals (D:2)
  7 kobolds
  6 bats
  A frilled lizard (D:1)
  3 rats
40 creatures vanquished.

Notes
Turn   | Place    | Note
-------+----------+-------------------------------------------
     0 | D:1      | n0claF the Centaur Hunter began the quest for the Orb.
     0 | D:1      | Reached XP level 1. HP: 17/17 MP: 1/1
   342 | D:1      | Reached XP level 2. HP: 21/24 MP: 2/2
   947 | D:2      | Reached XP level 3. HP: 30/30 MP: 3/3
   962 | D:2      | Reached skill level 6 in Bows
   962 | D:2      | Reached skill level 1 in Stealth
  1262 | D:2      | Reached XP level 4. HP: 18/37 MP: 4/4
  1727 | D:3      | Noticed sking99's ghost (amateur NaFi)
  1740 | D:3      | Demolished by sking99's ghost

Skill      XL: |  1  2  3 |
---------------+----------+-----
Bows           | 6 |  6.4
Stealth        | 1 |  1.2
Fighting       | |  2.7
Dodging        | |  1.9

Action                   |  1- 3 |  4- 6 || total
-------------------------+-------+-------++-------
Melee: Unarmed           |    10 |       ||    10
       Short sword       |     2 |       ||     2
       Kick              |     3 |       ||     3
 Fire: Shortbow          |    28 |     9 ||    37
       Hunting sling     |    94 |    27 ||   121
  Eat: Chunk             |       |     1 ||     1
Armor: Leather armour    |    13 |       ||    13
       Scale mail        |    39 |    11 ||    50
Dodge: Dodged            |    38 |     8 ||    46
